 Dungeon Crawl Stone Soup version 0.31-a0-1178-gc5c9b8f871 (webtiles) character file.

Game seed: 14941752540099680090

7446 qw the Skirmisher (level 11, -6/68 HPs)
             Began as a Gargoyle Hunter on Dec 11, 2023.
             Was a High Priest of Okawaru.
             Mangled by an elephant (9 damage)
             ... on level 2 of the Lair of Beasts.
             The game lasted 00:02:30 (6581 turns).

qw the Skirmisher (Gargoyle Hunter)                 Turns: 6581, Time: 00:02:30

Health: -6/68      AC: 21    Str: 16    XL:     11   Next: 15%
Magic:  14/18      EV: 14    Int:  9    God:    Okawaru [*****.]
Gold:   464        SH:  0    Dex: 17    Spells: 10/10 levels left

rFire   . . .        c - +12 orcbow of the Ecumenical Temple {heavy, rN+}
rCold   . . .        (shield currently unavailable)
rNeg    + + .        h - +2 robe {Will+}
rPois   inf          f - +2 helmet
rElec   +            m - +1 cloak
rCorr   .            (no gloves)
SInv    .            (no boots)
Will    +....        (no amulet)
Stlth   ++           b - +4 ring of protection
HPRegen 0.31/turn    (no ring)
MPRegen 0.16/turn

%: no passive effects
@: about to teleport, finesse-ful
A: sickness immunity, AC +8, negative energy resistance 1, electricity
resistance, torment resistance 1, petrification resistance
a: Renounce Religion, Heroism, Finesse, Duel


You were on level 2 of the Lair of Beasts.
You worshipped Okawaru.
Okawaru was extremely pleased with you.
You visited 3 branches of the dungeon, and saw 11 of its levels.

You collected 555 gold pieces.
You spent 91 gold pieces at shops.


Innate Abilities, Weirdness & Mutations

You are immune to sickness and miasma.
Your stone body is resilient. (AC +8)
You are immune to poison.
You resist negative energy. (rN+)
You are resistant to electric shocks. (rElec)
You are resistant to unholy torment.
You are immune to petrification.


   Skills:
 - Level 8.0 Fighting
 + Level 12.1 Ranged Weapons
 - Level 2.1 Armour
 - Level 4.0 Dodging
 - Level 1.1 Stealth
 + Level 9.7 Invocations


You had 10 spell levels left.
You didn't know any spells.
Your spell library was empty.

Inventory:

Hand Weapons
 c - the +12 orcbow of the Ecumenical Temple (weapon) {heavy, rN+}
   (You acquired it on level 1 of the Dungeon)

   rN+:       It protects you from negative energy.
Armour
 f - a +2 helmet (worn)
 h - a +2 robe of willpower (worn)
 m - a +1 cloak (worn)
Jewellery
 b - a +4 ring of protection (left hand)
Wands
 d - a wand of iceblast (16)
 j - a wand of paralysis (7)
Scrolls
 g - a scroll of teleportation
Potions
 a - 3 potions of enlightenment
 e - 3 potions of curing
 k - a potion of magic

Dungeon Overview and Level Annotations

Branches:
Dungeon (8/15)             Temple (1/1) D:4            Lair (2/5) D:8
  Swamp: Lair:2-3    Shoals: Lair:2-3     Snake: Lair:2-3    Spider: Lair:2-3

Altars:
Ashenzari
Cheibriados
Dithmenos
Elyvilon
Fedhas
Gozag
Hepliaklqana
Kikubaaqudgha
Makhleb
Nemelex Xobeh
Okawaru
Qazlal
Ru
Sif Muna
Trog
Uskayaw
Vehumet
Wu Jian
Xom
Yredelemnul
Zin
The Shining One

Shops:
D:1 [   D:3 *   D:6 *

Portals:
Bailey: D:8

Annotations:
D:7 2 runed translucent doors, Crazy Yiuf; qw's ghost, novice GrHu
Lair:1 2 transporters, qw's ghost, journeyman GrHu


Message History

The elephant is moderately wounded.
You hear a bellow!
The elephant tramples you but does no damage.
The elephant trunk-slaps you but does no damage.
The elephant barely misses you. x2; The elephant tramples you!
You hold your ground!
The elephant barely misses you.
You hear a bellow!
You shoot an arrow. The arrow hits the elephant!
The elephant is heavily wounded.
You hear a howl! x4
You shoot an arrow. The arrow hits the elephant!!
The elephant is almost dead.
The elephant closely misses you.
The elephant trunk-slaps you but does no damage.
The elephant tramples you but does no damage.
The elephant trunk-slaps you but does no damage.
The elephant tramples you.
You hold your ground!
The elephant closely misses you.
6578 ||| READING 2 scrolls of teleportation.
As you read the scroll of teleportation, it crumbles to dust.
You feel strangely unstable. The elephant tramples you!
You hold your ground!
The elephant trunk-slaps you but does no damage.
The elephant tramples you but does no damage.
The elephant closely misses you. x2
The elephant trunk-slaps you but does no damage.
You shoot an arrow.
The arrow hits the elephant but does no damage.
The elephant is almost dead.
The elephant misses you. x2; The elephant closely misses you.
The elephant trunk-slaps you but does no damage.
The elephant tramples you but does no damage.
The elephant trunk-slaps you.
You shoot an arrow.
The arrow hits the elephant but does no damage.
The elephant is almost dead.
You shoot an arrow.
The arrow completely misses the elephant.
The elephant tramples you!
You die...

.#. .#
....####### ...
#...#.#...###...
................
.....}..<..}....
........Y.......
....#.#YYYk#....
.. .Y#.#@### ...
#.Y ##### # ##


You could see 4 elephants and a rime drake.

Vanquished Creatures
  Amaemon (D:8)
  Joseph (D:7)
  An elephant (Lair:2)
  An orange demon (D:8)
  Jeremiah (D:7)
  A rime drake (Lair:1)
  5 komodo dragons
  A polar bear (Lair:2)
  Grinder (D:4)
  6 yaks
  Menkaure (D:4)
  Duvessa (D:4)
  5 water moccasins
  2 orc warriors
  A sky beast (D:7)
  2 black bears
  4 ice beasts
  2 ogres
  A centaur (D:8)
  A kobold brigand (D:6)
  A bullfrog (Lair:1)
  Dowan (D:4)
  4 howler monkeys
  A jelly (D:6)
  5 orc priests
  2 hounds
  2 sleepcaps
  3 iguanas
  6 orc wizards
  6 adders
  2 shadow imps
  2 white imps (D:6)
  2 ufetubi (D:5)
  3 worms
  3 dart slugs
  23 orcs
  7 ball pythons
  5 endoplasms
  2 giant cockroaches (D:1)
  7 goblins
  6 hobgoblins
  2 jackals (D:1)
  4 quokkas
  8 bats
  3 frilled lizards
  12 kobolds
  6 rats
167 creatures vanquished.

Notes
Turn   | Place    | Note
-------+----------+-------------------------------------------
     0 | D:1      | qw the Gargoyle Hunter began the quest for the Orb.
     0 | D:1      | Reached XP level 1. HP: 12/12 MP: 1/1
     0 | D:1      | 0 ||| qw: Version: 0.3-a-106-g2cfff9e
     0 | D:1      | 0 ||| qw: Game counter: 2017
     0 | D:1      | 0 ||| qw: Melee chars always use a shield: true
     0 | D:1      | 0 ||| qw: God list: Okawaru
     0 | D:1      | 0 ||| qw: Allow faded altars: false
     0 | D:1      | 0 ||| qw: Do Orc after clearing Dungeon:15 true
     0 | D:1      | 0 ||| qw: Do second Lair branch before Depths: true
     0 | D:1      | 0 ||| qw: Lair rune preference: random
     0 | D:1      | 0 ||| qw: Goals: Normal, Save, Zot:1-4, Win
     0 | D:1      | 0 ||| PLANNING D:1-11
   100 | D:1      | Reached XP level 2. HP: 17/17 MP: 2/2
   387 | D:1      | Found Nigaroge's Armour Shop.
   397 | D:1      | 397 ||| SHOPLISTING +1 helmet (126 gold, have 95).
   397 | D:1      | 397 ||| SHOPLISTING +1 robe of cold resistance (139 gold,
                  | have 95).
   397 | D:1      | 397 ||| SHOPLISTING +2 leather armour of willpower (209
                  | gold, have 95).
   397 | D:1      | 397 ||| SHOPLISTING +2 robe of willpower (194 gold, have
                  | 95).
   416 | D:1      | Reached XP level 3. HP: 21/21 MP: 3/3
   447 | D:1      | 447 ||| UPGRADING to +0 ring mail.
   457 | D:1      | 457 ||| DROPPING +0 leather armour.
   458 | D:1      | 458 ||| UPGRADING to +0 helmet.
   463 | D:1      | 463 ||| READING 3 scrolls labelled MEACZOT KIELILUO.
   467 | D:1      | 467 ||| READING 2 scrolls labelled RIOLETT JUOGG.
   467 | D:1      | 467 ||| IDENTIFYING ruby potion
   468 | D:1      | 468 ||| READING scroll of identify.
   468 | D:1      | 468 ||| IDENTIFYING scroll labelled MYBBACZ GANO
   468 | D:1      | Identified a scroll of acquirement
   469 | D:1      | 469 ||| READING scroll of acquirement.
   469 | D:1      | 469 ||| 469 ||| Offered manual of Summonings
   469 | D:1      | 469 ||| 469 ||| Offered staff of air
   469 | D:1      | 469 ||| 469 ||| Offered +12 orcbow of the Ecumenical Temple
                  | {heavy, rN+}
   469 | D:1      | 469 ||| 469 ||| Offered 637 gold pieces
   469 | D:1      | 469 ||| ACQUIRING +12 orcbow of the Ecumenical Temple
                  | {heavy, rN+}
   469 | D:1      | Acquired the +12 orcbow of the Ecumenical Temple {heavy,
                  | rN+}
   471 | D:1      | 471 ||| SWAPPING to +12 orcbow of the Ecumenical Temple
                  | {heavy, rN+}.
   472 | D:1      | 472 ||| DROPPING +0 shortbow.
   473 | D:1      | 473 ||| READING scroll labelled QUUXIE NASIMPAIMA.
   474 | D:1      | 474 ||| DROPPING scroll of butterflies.
   475 | D:1      | 475 ||| DROPPING potion of ambrosia.
   626 | D:2      | Reached skill level 1 in Armour
   652 | D:2      | Reached skill level 5 in Ranged Weapons
  1119 | D:2      | Found a faded altar of an unknown god.
  1185 | D:2      | 1185 ||| READING scroll labelled KUOJYLU TODAPYWA.
  1185 | D:2      | 1185 ||| ENCHANTING +0 helmet.
  1264 | D:3      | Reached XP level 4. HP: 27/27 MP: 4/4
  1293 | D:3      | Found a hide-covered altar of Uskayaw.
  1339 | D:3      | Reached skill level 3 in Fighting
  1501 | D:3      | Found Setruperph's Assorted Antiques.
  1509 | D:3      | 1509 ||| BUYING 2 golden potions (43 gold).
  1509 | D:3      | Bought 2 golden potions for 43 gold pieces
  1509 | D:3      | 1509 ||| SHOPLISTING amulet of the Four Winds {rN+ Will+++
                  | Clar} (1456 gold, have 133).
  1509 | D:3      | 1509 ||| SHOPLISTING ancient leather armour (168 gold, have
                  | 133).
  1509 | D:3      | 1509 ||| BUYING scroll of identify (48 gold).
  1509 | D:3      | Bought a scroll of identify for 48 gold pieces
  1568 | D:3      | 1568 ||| READING scroll of identify.
  1568 | D:3      | 1568 ||| IDENTIFYING sedimented red potion
  1569 | D:3      | 1569 ||| DRINKING 3 golden potions.
  1570 | D:3      | 1570 ||| DRINKING 2 fizzy emerald potions.
  1571 | D:3      | 1571 ||| DROPPING potion of invisibility.
  1572 | D:3      | 1572 ||| DROPPING potion of degeneration.
  1589 | D:4      | Noticed Duvessa
  1590 | D:4      | 1590 ||| RETREEAATING.
  1596 | D:4      | HP: 7/28 [Duvessa/+0 short sword (2)]
  1597 | D:4      | 1597 ||| READING 2 scrolls of teleportation.
  1598 | D:4      | HP: 1/28 [Duvessa/+0 short sword (7)]
  1599 | D:4      | Killed Duvessa
  1600 | D:4      | Reached skill level 6 in Ranged Weapons
  1600 | D:4      | Reached XP level 5. HP: 1/32 MP: 5/5
  1600 | D:4      | 1600 ||| READING scroll of teleportation.
  1737 | D:4      | Found a staircase to the Ecumenical Temple.
  1738 | D:4      | 1738 ||| PLANNING TEMPLE
  1738 | D:4      | 1738 ||| READING scroll labelled IBUDAYPTANAO.
  1745 | Temple   | Entered the Ecumenical Temple
  1746 | Temple   | 1746 ||| PLANNING OKAWARU WORSHIP
  1768 | Temple   | Became a worshipper of Warmaster Okawaru
  1769 | Temple   | 1769 ||| PLANNING D:1-11
  1808 | D:4      | Noticed Menkaure
  1808 | D:4      | Noticed Grinder
  1809 | D:4      | Killed Menkaure
  1809 | D:4      | Paralysed by Grinder for 4 turns
  1810 | D:4      | Reached XP level 6. HP: 39/39 MP: 6/6
  1816 | D:4      | Killed Grinder
  1816 | D:4      | Reached * piety under Okawaru
  1817 | D:4      | Reached skill level 7 in Ranged Weapons
  1817 | D:4      | Reached XP level 7. HP: 42/44 MP: 7/7
  1910 | D:4      | Reached skill level 1 in Invocations
  1933 | D:4      | Noticed Dowan
  1934 | D:4      | Killed Dowan
  2203 | D:4      | 2203 ||| UPGRADING to +2 robe of willpower.
  2213 | D:4      | 2213 ||| DROPPING +0 ring mail.
  2214 | D:4      | 2214 ||| READING scroll of identify.
  2214 | D:4      | 2214 ||| IDENTIFYING fuming green potion
  2215 | D:4      | 2215 ||| READING scroll labelled MORIUQ BIOCSOL.
  2216 | D:4      | 2216 ||| READING scroll labelled NUMPAJUQIE.
  2217 | D:4      | 2217 ||| READING 2 scrolls labelled ADGHIT MIPIF.
  2218 | D:4      | 2218 ||| DROPPING potion of lignification.
  2219 | D:4      | 2219 ||| DROPPING scroll of poison.
  2230 | D:5      | Entered Level 5 of the Dungeon
  2255 | D:5      | Noticed a yak
  2256 | D:5      | Noticed a yak
  2257 | D:5      | 2257 ||| RETREEAATING.
  2257 | D:5      | Noticed a yak
  2259 | D:5      | Killed a yak
  2260 | D:5      | Reached skill level 3 in Invocations
  2260 | D:5      | 2260 ||| FLEEEEING.
  2261 | D:5      | 2261 ||| RETREEAATING.
  2264 | D:5      | Killed a yak
  2264 | D:5      | Reached ** piety under Okawaru
  2265 | D:5      | Reached skill level 8 in Ranged Weapons
  2265 | D:5      | Reached XP level 8. HP: 28/48 MP: 8/10
  2268 | D:5      | Killed a yak
  2275 | D:5      | 2275 ||| FLEEEEING.
  2276 | D:5      | 2276 ||| FLEEEEING.
  2278 | D:5      | 2278 ||| FLEEEEING.
  2279 | D:5      | 2279 ||| FLEEEEING.
  2280 | D:5      | 2280 ||| FLEEEEING.
  2281 | D:5      | 2281 ||| FLEEEEING.
  2282 | D:5      | 2282 ||| FLEEEEING.
  2283 | D:5      | 2283 ||| FLEEEEING.
  2284 | D:5      | 2284 ||| FLEEEEING.
  2285 | D:5      | 2285 ||| FLEEEEING.
  2286 | D:5      | 2286 ||| STAIRDANCE
  2732 | D:5      | Reached *** piety under Okawaru
  2733 | D:5      | Reached skill level 9 in Ranged Weapons
  3040 | D:5      | 3040 ||| UPGRADING to +4 ring of protection.
  3041 | D:5      | 3041 ||| READING scroll of identify.
  3041 | D:5      | 3041 ||| IDENTIFYING black potion
  3042 | D:5      | 3042 ||| DROPPING potion of attraction.
  3126 | D:6      | Reached skill level 6 in Fighting
  3157 | D:6      | Found a blossoming altar of Fedhas.
  3161 | D:6      | Reached XP level 9. HP: 41/55 MP: 12/12
  3331 | D:6      | Reached skill level 10 in Ranged Weapons
  3468 | D:6      | Found Eqiozyca's Serpentskin Sales.
  3470 | D:6      | Reached skill level 3 in Dodging
  3803 | D:6      | 3803 ||| DROPPING amulet of magic regeneration.
  3804 | D:6      | 3804 ||| READING 2 scrolls of identify.
  3804 | D:6      | 3804 ||| IDENTIFYING fuming coppery potion
  3805 | D:6      | 3805 ||| READING scroll of identify.
  3805 | D:6      | 3805 ||| IDENTIFYING emerald potion
  3806 | D:6      | 3806 ||| READING 2 scrolls labelled SELU HYTTUHUT.
  3807 | D:6      | 3807 ||| DROPPING scroll of fear.
  3847 | D:7      | 3847 ||| READING scroll of enchant armour.
  3847 | D:7      | 3847 ||| ENCHANTING +1 helmet.
  3862 | D:7      | Noticed Jeremiah
  3878 | D:7      | 3878 ||| FLEEEEING.
  3879 | D:7      | 3879 ||| FLEEEEING.
  3884 | D:7      | 3884 ||| STAIRDANCE
  3932 | D:7      | 3932 ||| FLEEEEING.
  3933 | D:7      | 3933 ||| STAIRDANCE
  3976 | D:7      | 3976 ||| FLEEEEING.
  3977 | D:7      | 3977 ||| STAIRDANCE
  4086 | D:7      | 4086 ||| FLEEEEING.
  4087 | D:7      | 4087 ||| FLEEEEING.
  4088 | D:7      | 4088 ||| STAIRDANCE
  4131 | D:7      | 4131 ||| FLEEEEING.
  4132 | D:7      | 4132 ||| STAIRDANCE
  4186 | D:7      | 4186 ||| FLEEEEING.
  4187 | D:7      | 4187 ||| STAIRDANCE
  4275 | D:7      | Killed Jeremiah
  4407 | D:7      | Reached **** piety under Okawaru
  4409 | D:7      | HP: 14/57 [orc priest/divine providence (16)]
  4410 | D:7      | 4410 ||| READING 2 scrolls of teleportation.
  4745 | D:7      | Noticed qw's ghost (novice GrHu)
  4749 | D:7      | Found a runed translucent door.
  4823 | D:7      | Noticed Joseph
  4829 | D:7      | Killed Joseph
  4830 | D:7      | Reached skill level 11 in Ranged Weapons
  4830 | D:7      | Reached XP level 10. HP: 35/63 MP: 12/14
  5030 | D:7      | Found a runed translucent door.
  5031 | D:7      | Noticed Crazy Yiuf
  5202 | D:8      | Reached skill level 6 in Invocations
  5258 | D:8      | 5258 ||| FLEEEEING.
  5281 | D:8      | Found a flagged portal.
  5374 | D:8      | Found a staircase to the Lair.
  5397 | D:8      | Noticed Amaemon
  5398 | D:8      | Noticed an orange demon
  5399 | D:8      | 5399 ||| Stepping ~*~*~tactically~*~*~ (retreating).
  5400 | D:8      | 5400 ||| RETREEAATING.
  5401 | D:8      | 5401 ||| STILL RETREEAATING.
  5402 | D:8      | 5402 ||| STILL RETREEAATING.
  5403 | D:8      | 5403 ||| Stepping ~*~*~tactically~*~*~ (retreating).
  5415 | D:8      | Killed Amaemon
  5420 | D:8      | Killed an orange demon
  5420 | D:8      | Reached ***** piety under Okawaru
  5782 | D:8      | 5782 ||| PLANNING LAIR
  5812 | Lair:1   | Entered Level 1 of the Lair of Beasts
  5815 | Lair:1   | Received a gift from Okawaru
  6055 | Lair:1   | 6055 ||| RETREEAATING.
  6057 | Lair:1   | 6057 ||| STILL RETREEAATING.
  6071 | Lair:1   | Reached skill level 12 in Ranged Weapons
  6140 | Lair:1   | Reached skill level 9 in Invocations
  6194 | Lair:1   | Reached XP level 11. HP: 68/68 MP: 17/17
  6219 | Lair:1   | Noticed a moth of wrath
  6221 | Lair:1   | Found a transporter.
  6227 | Lair:1   | Found a bloodstained altar of Trog.
  6227 | Lair:1   | Noticed a moth of wrath
  6227 | Lair:1   | Noticed qw's ghost (journeyman GrHu)
  6239 | Lair:1   | Found a transporter.
  6241 | Lair:1   | Noticed a spriggan rider
  6541 | Lair:1   | 6541 ||| UPGRADING to +0 cloak.
  6546 | Lair:1   | 6546 ||| READING scroll of enchant armour.
  6546 | Lair:1   | 6546 ||| ENCHANTING +0 cloak.
  6547 | Lair:1   | 6547 ||| READING scroll labelled WALIOBB WAOSO.
  6561 | Lair:2   | 6561 ||| RETREEAATING.
  6562 | Lair:2   | 6562 ||| Stepping ~*~*~tactically~*~*~ (retreating).
  6563 | Lair:2   | 6563 ||| Stepping ~*~*~tactically~*~*~ (retreating).
  6565 | Lair:2   | 6565 ||| INVOKING Finesse.
  6577 | Lair:2   | HP: 17/68 [elephant (4)]
  6578 | Lair:2   | 6578 ||| READING 2 scrolls of teleportation.
  6578 | Lair:2   | HP: 4/68 [elephant (14)]
  6581 | Lair:2   | Mangled by an elephant

Levels and vault maps discovered:
D:1:      dpeg_arrival_castle, layout_rooms, serial_shops,
          nicolae_shop_tiny_glass
D:2:      layout_loops_ring, dilly_ecumenical_altar_fadedgnrine,
          nicolae_elevator_lobby_plus
D:3:      layout_rooms, nicolae_uskayaw_dance_hall, serial_shops,
          nicolae_shop_waterfront
D:4:      layout_cave_pools, temple_green, uniq_menkaure, uniq_grinder,
          uniq_duvessa
D:5:      layout_loops_ring
D:6:      layout_cave_pods, old_standard_altar, serial_column_ruins,
          column_ruins_hut_water, column_ruins_hut, column_ruins_grid_1,
          column_ruins_columns_dead_end, column_ruins_open_tiny,
          column_ruins_open_tiny, guppyfry_shop_venom
D:7:      layout_loops_ring, hellmonk_ghost_happy_afterlife, uniq_jeremiah,
          uniq_crazy_yiuf_cottage, uniq_joseph
D:8:      layout_basic, dpeg_oklobed_lair, enter_bailey_2, due_unseen_surprise,
          uniq_amaemon
Temple:   mainiacjoe_temple_big_plus
Lair:1:   layout_roguey, gammafunk_ghost_wrathful_warriors
Lair:2:   layout_loops_ring, nicolae_spider_entry_orb_guardian,
          gammafunk_ghost_necromancy, serial_bayou_shore_b,
          infiniplex_staircase_pool, grunt_megastairs_5

Skill      XL: |  1  2  3  4  5  6  7  8  9 10 11 |
---------------+----------------------------------+-----
Armour         | 1 2 |  2.1
Ranged Weapons | 5 6 7 8 9 11 12 | 12.1
Fighting       | 3 4 6 7 8 |  8.0
Invocations    | 3 4 5 9 |  9.7
Dodging        | 2 3 4 |  4.0
Stealth        | |  1.1

Action                     |  1- 3 |  4- 6 |  7- 9 | 10-12 || total
---------------------------+-------+-------+-------+-------++-------
   Fire: Shortbow          |    58 |       |       |       ||    58
         Orcbow            |    29 |    34 |   144 |    93 ||   300
 Invoke: Finesse           |       |       |       |     1 ||     1
    Use: Scroll            |     6 |     4 |    10 |     3 ||    23
         Potion            |       |     2 |       |       ||     2
 Armour: Leather armour    |    11 |       |       |       ||    11
         Ring mail         |    10 |    15 |       |       ||    25
         Robe              |       |       |    52 |    67 ||   119
  Dodge: Dodged            |    17 |     3 |    27 |    51 ||    98

Table legend:
 A = Non-vault XP
 B = Vault XP
 C = Vault XP percentage of total XP
 D = Non-vault monster count
 E = Vault monster count
 F = Vault count percentage of total count
                 A         B        C        D         E       F
            +---------+---------+-------+---------+---------+-------
      Total |    6849 |    3789 |  35.6 |     154 |      13 |   7.8
            +---------+---------+-------+---------+---------+-------
        D:1 |      35 |       0 |   0.0 |      20 |       0 |   0.0
        D:2 |      34 |       0 |   0.0 |      13 |       0 |   0.0
        D:3 |      46 |       0 |   0.0 |      18 |       0 |   0.0
        D:4 |     180 |     664 |  78.7 |      13 |       4 |  23.5
        D:5 |    1055 |       0 |   0.0 |      23 |       0 |   0.0
        D:6 |     612 |     281 |  31.5 |      27 |       3 |  10.0
        D:7 |     879 |     893 |  50.4 |      11 |       2 |  15.4
        D:8 |     829 |    1214 |  59.4 |      17 |       2 |  10.5
     Lair:1 |    2824 |       0 |   0.0 |      11 |       0 |   0.0
     Lair:2 |     355 |     737 |  67.5 |       1 |       2 |  66.7
            +---------+---------+-------+---------+---------+-------
